Workbook

Sheet Kontoplan
A1: Kontoplan
A4: Konto | B4: Kontonamn | C4: Kontotyp
A5: 1510 | B5: Kundfordringar | C5: Tillgång
A6: 1910 | B6: Bankkonto | C6: Tillgång
A7: 3000 | B7: Medlemsavgifter | C7: Intäkt
A8: 3010 | B8: Träningsavgifter | C8: Intäkt
A9: 3020 | B9: Sponsorintäkter | C9: Intäkt
A10: 3030 | B10: Bidrag | C10: Intäkt
A11: 3040 | B11: Försäljnings- och evenemangsintäkter | C11: Intäkt
A12: 4000 | B12: Idrottsmaterial och matchställ | C12: Kostnad
A13: 4100 | B13: Plan- och hallhyror | C13: Kostnad
A14: 4200 | B14: Domararvoden | C14: Kostnad
A15: 4300 | B15: Resor och transporter | C15: Kostnad
A16: 4400 | B16: Turneringsavgifter | C16: Kostnad
... A18: 6570 | B18: Bankkostnader | C18: Kostnad

Sheet Kontoutdrag
A1: Kontoutdrag – Fiktiva Banken Abp
A2: Kontonummer FI00 1234 5600 0000 01. Ingående saldo 0,00 EUR.
A4: Datum | B4: Arkiv-ID | C4: Text | D4: Motpart | E4: In (EUR) | F4: Ut (EUR) | G4: Saldo (EUR) | H4: Ver.nr | I4: Underlag
A5: 46027 | B5: ARK-0001 | C5: Medlemsavgifter, 20 medlemmar | D5: 20 medlemmar | E5: 1200 | F5: 0 | G5: =E5-F5 -> 1200 | H5: V001 | I5: U001
A6: 46030 | B6: ARK-0002 | C6: Planhyra januari | D6: drottscenter Ab | E6: 0 | F6: 650 | G6: =G5+E6-F6 -> 550 | H6: V002 | I6: L001
A7: 46034 | B7: ARK-0003 | C7: Matchställ och träningsbollar | D7: SportPartner Finland Oy | E7: 0 | F7: 980 | G7: =G6+E7-F7 -> -430 | H7: V003 | I7: K001
A8: 46037 | B8: ARK-0004 | C8: Sponsoravtal vårsäsong | D8: Bygg Ab | E8: 2500 | F8: 0 | G8: =G7+E8-F8 -> 2070 | H8: V004 | I8: S001
A9: 46042 | B9: ARK-0005 | C9: Träningsavgifter juniorlag | D9: Juniorlagets deltagare | E9: 1800 | F9: 0 | G9: =G8+E9-F9 -> 3870 | H9: V005 | I9: U002
A10: 46046 | B10: ARK-0006 | C10: Domararvoden träningsmatcher | D10: Tre domare | E10: 0 | F10: 360 | G10: =G9+E10-F10 -> 3510 | H10: V006 | I10: D001
A11: 46055 | B11: ARK-0007 | C11: Buss till bortamatch | D11: Buss Ab | E11: 0 | F11: 720 | G11: =G10+E11-F11 -> 2790 | H11: V007 | I11: R001
A12: 46063 | B12: ARK-0008 | C12: Kommunalt verksamhetsbidrag | D12: Staden | E12: 3000 | F12: 0 | G12: =G11+E12-F12 -> 5790 | H12: V008 | I12: B001
A13: 46067 | B13: ARK-0009 | C13: Deltagaravgift vinterturnering | D13: Winter Cup rf | E13: 0 | F13: 450 | G13: =G12+E13-F13 -> 5340 | H13: V009 | I13: T001
A14: 46071 | B14: ARK-0010 | C14: Kioskförsäljning hemmamatch | D14: Matchbesökare | E14: 875 | F14: 0 | G14: =G13+E14-F14 -> 6215 | H14: V010 | I14: F001
A15: 46081 | B15: ARK-0011 | C15: Bankens serviceavgift februari | D15: Fiktiva Banken Abp | E15: 0 | F15: 12.5 | G15: =G14+E15-F15 -> 6202.5 | H15: V011 | I15: BK01
A16: 46084 | B16: ARK-0012 | C16: Planhyra februari | D16: Idrottscenter Ab | E16: 0 | F16: 650 | G16: =G15+E16-F16 -> 5552.5 | H16: V012 | I16: L002

Sheet Verifikationer
A1: Verifikationer – debet och kredit
A2: Varje verifikation har två rader. Kontrollkolumnen ska vara 0,00.
A4: Ver.nr | B4: Datum | C4: Underlagsnr | D4: Beskrivning | E4: Konto | F4: Kontonamn | G4: Debet (EUR) | H4: Kredit (EUR) | I4: Motpart | J4: Typ | K4: Kontoutdrag | L4: Underlag
A5: V001 | B5: 46027 | C5: U001 | D5: Medlemsavgifter, 20 medlemmar | E5: 1910 | F5: Bankkonto | G5: 1200 | H5: 0 | I5: 20 medlemmar | J5: Intäktskvitto | K5: Visa bankrad | L5: Visa underlag
A6: V001 | B6: 46027 | C6: U001 | D6: Medlemsavgifter, 20 medlemmar | E6: 3000 | F6: Medlemsavgifter | G6: 0 | H6: 1200 | I6: 20 medlemmar | J6: Intäktskvitto | L6: Visa underlag
A7: V002 | B7: 46030 | C7: L001 | D7: Planhyra januari | E7: 4100 | F7: Plan- och hallhyror | G7: 650 | H7: 0 | I7: Idrottscenter Ab | J7: Leverantörsfaktura | L7: Visa underlag
A8: V002 | B8: 46030 | C8: L001 | D8: Planhyra januari | E8: 1910 | F8: Bankkonto | G8: 0 | H8: 650 | I8: Idrottscenter Ab | J8: Leverantörsfaktura | K8: Visa bankrad | L8: Visa underlag
A9: V003 | B9: 46034 | C9: K001 | D9: Matchställ och träningsbollar | E9: 4000 | F9: Idrottsmaterial och matchställ | G9: 980 | H9: 0 | I9: SportPartner Finland Oy | J9: Leverantörsfaktura | L9: Visa underlag
A10: V003 | B10: 46034 | C10: K001 | D10: Matchställ och träningsbollar | E10: 1910 | F10: Bankkonto | G10: 0 | H10: 980 | I10: SportPartner Finland Oy | J10: Leverantörsfaktura | K10: Visa bankrad | L10: Visa underlag
A11: V004 | B11: 46037 | C11: S001 | D11: Sponsoravtal vårsäsong | E11: 1910 | F11: Bankkonto | G11: 2500 | H11: 0 | I11: Bygg Ab | J11: Kundfaktura | K11: Visa bankrad | L11: Visa underlag
A12: V004 | B12: 46037 | C12: S001 | D12: Sponsoravtal vårsäsong | E12: 3020 | F12: Sponsorintäkter | G12: 0 | H12: 2500 | I12: Bygg Ab | J12: Kundfaktura | L12: Visa underlag
A13: V005 | B13: 46042 | C13: U002 | D13: Träningsavgifter juniorlag | E13: 1910 | F13: Bankkonto | G13: 1800 | H13: 0 | I13: Juniorlagets deltagare | J13: Intäktskvitto | K13: Visa bankrad | L13: Visa underlag
A14: V005 | B14: 46042 | C14: U002 | D14: Träningsavgifter juniorlag | E14: 3010 | F14: Träningsavgifter | G14: 0 | H14: 1800 | I14: Juniorlagets deltagare | J14: Intäktskvitto | L14: Visa underlag
A15: V006 | B15: 46046 | C15: D001 | D15: Domararvoden träningsmatcher | E15: 4200 | F15: Domararvoden | G15: 360 | H15: 0 | I15: Tre domare | J15: Kostnadsunderlag | L15: Visa underlag
A16: V006 | B16: 46046 | C16: D001 | D16: Domararvoden träningsmatcher | E16: 1910 | F16: Bankkonto | G16: 0 | H16: 360 | I16: Tre domare | J16: Kostnadsunderlag | K16: Visa bankrad | L16: Visa underlag
A17: V007 | B17: 46055 | C17: R001 | D17: Buss till bortamatch | E17: 4300 | F17: Resor och transporter | G17: 720 | H17: 0 | I17: Buss Ab | J17: Leverantörsfaktura | L17: Visa underlag
A18: V007 | B18: 46055 | C18: R001 | D18: Buss till bortamatch | E18: 1910 | F18: Bankkonto | G18: 0 | H18: 720 | I18: Buss Ab | J18: Leverantörsfaktura | K18: Visa bankrad | L18: Visa underlag
A19: V008 | B19: 46063 | C19: B001 | D19: Kommunalt verksamhetsbidrag | E19: 1910 | F19: Bankkonto | G19: 3000 | H19: 0 | I19: Vasa stad | J19: Bidragsbeslut | K19: Visa bankrad | L19: Visa underlag
A20: V008 | B20: 46063 | C20: B001 | D20: Kommunalt verksamhetsbidrag | E20: 3030 | F20: Bidrag | G20: 0 | H20: 3000 | I20: Vasa stad | J20: Bidragsbeslut | L20: Visa underlag
A21: V009 | B21: 46067 | C21: T001 | D21: Deltagaravgift vinterturnering | E21: 4400 | F21: Turneringsavgifter | G21: 450 | H21: 0 | I21: Winter Cup rf | J21: Leverantörsfaktura | L21: Visa underlag
A22: V009 | B22: 46067 | C22: T001 | D22: Deltagaravgift vinterturnering | E22: 1910 | F22: Bankkonto | G22: 0 | H22: 450 | I22: Winter Cup rf | J22: Leverantörsfaktura | K22: Visa bankrad | L22: Visa underlag
A23: V010 | B23: 46071 | C23: F001 | D23: Kioskförsäljning hemmamatch | E23: 1910 | F23: Bankkonto | G23: 875 | H23: 0 | I23: Matchbesökare | J23: Försäljningsrapport | K23: Visa bankrad | L23: Visa underlag
A24: V010 | B24: 46071 | C24: F001 | D24: Kioskförsäljning hemmamatch | E24: 3040 | F24: Försäljnings- och evenemangsintäkter | G24: 0 | H24: 875 | I24: Matchbesökare | J24: Försäljningsrapport | L24: Visa underlag
A25: V011 | B25: 46081 | C25: BK01 | D25: Bankens serviceavgift februari | E25: 6570 | F25: Bankkostnader | G25: 12.5 | H25: 0 | I25: Fiktiva Banken Abp | J25: Kontoutdrag | L25: Visa underlag
A26: V011 | B26: 46081 | C26: BK01 | D26: Bankens serviceavgift februari | E26: 1910 | F26: Bankkonto | G26: 0 | H26: 12.5 | I26: Fiktiva Banken Abp | J26: Kontoutdrag | K26: Visa bankrad | L26: Visa underlag
A27: V012 | B27: 46084 | C27: L002 | D27: Planhyra februari | E27: 4100 | F27: Plan- och hallhyror | G27: 650 | H27: 0 | I27: Idrottscenter Ab | J27: Leverantörsfaktura | L27: Visa underlag
A28: V012 | B28: 46084 | C28: L002 | D28: Planhyra februari | E28: 1910 | F28: Bankkonto | G28: 0 | H28: 650 | I28: Idrottscenter Ab | J28: Leverantörsfaktura | K28: Visa bankrad | L28: Visa underlag
F30: Summa | G30: =SUM(G5:G28) -> 13197.5 | H30: =SUM(H5:H28) -> 13197.5 | I30: Differens | J30: =G30-H30 -> 0

Sheet Dagbok
A1: Dagbok
A2: Alla bokföringsrader i kronologisk ordning.
A4: Datum | B4: Ver.nr | C4: Underlag | D4: Beskrivning | E4: Konto | F4: Kontonamn | G4: Debet (EUR) | H4: Kredit (EUR) | I4: Löpande debet (EUR) | J4: Löpande kredit (EUR)
A5: =Verifikationer!B5 -> 46027 | B5: =Verifikationer!A5 -> V001 | C5: =Verifikationer!C5 -> U001 | D5: =Verifikationer!D5 -> Medlemsavgifter, 20 medlemmar | E5: =Verifikationer!E5 -> 1910 | F5: =Verifikationer!F5 -> Bankkonto | G5: =Verifikationer!G5 -> 1200 | H5: =Verifikationer!H5 -> 0 | I5: =SUM($G$5:G5) -> 1200 | J5: =SUM($H$5:H5) -> 0
A6: =Verifikationer!B6 -> 46027 | B6: =Verifikationer!A6 -> V001 | C6: =Verifikationer!C6 -> U001 | D6: =Verifikationer!D6 -> Medlemsavgifter, 20 medlemmar | E6: =Verifikationer!E6 -> 3000 | F6: =Verifikationer!F6 -> Medlemsavgifter | G6: =Verifikationer!G6 -> 0 | H6: =Verifikationer!H6 -> 1200 | I6: =SUM($G$5:G6) -> 1200 | J6: =SUM($H$5:H6) -> 1200
A7: =Verifikationer!B7 -> 46030 | B7: =Verifikationer!A7 -> V002 | C7: =Verifikationer!C7 -> L001 | D7: =Verifikationer!D7 -> Planhyra januari | E7: =Verifikationer!E7 -> 4100 | F7: =Verifikationer!F7 -> Plan- och hallhyror | G7: =Verifikationer!G7 -> 650 | H7: =Verifikationer!H7 -> 0 | I7: =SUM($G$5:G7) -> 1850 | J7: =SUM($H$5:H7) -> 1200
A8: =Verifikationer!B8 -> 46030 | B8: =Verifikationer!A8 -> V002 | C8: =Verifikationer!C8 -> L001 | D8: =Verifikationer!D8 -> Planhyra januari | E8: =Verifikationer!E8 -> 1910 | F8: =Verifikationer!F8 -> Bankkonto | G8: =Verifikationer!G8 -> 0 | H8: =Verifikationer!H8 -> 650 | I8: =SUM($G$5:G8) -> 1850 | J8: =SUM($H$5:H8) -> 1850
A9: =Verifikationer!B9 -> 46034 | B9: =Verifikationer!A9 -> V003 | C9: =Verifikationer!C9 -> K001 | D9: =Verifikationer!D9 -> Matchställ och träningsbollar | E9: =Verifikationer!E9 -> 4000 | F9: =Verifikationer!F9 -> Idrottsmaterial och matchställ | G9: =Verifikationer!G9 -> 980 | H9: =Verifikationer!H9 -> 0 | I9: =SUM($G$5:G9) -> 2830 | J9: =SUM($H$5:H9) -> 1850
A10: =Verifikationer!B10 -> 46034 | B10: =Verifikationer!A10 -> V003 | C10: =Verifikationer!C10 -> K001 | D10: =Verifikationer!D10 -> Matchställ och träningsbollar | E10: =Verifikationer!E10 -> 1910 | F10: =Verifikationer!F10 -> Bankkonto | G10: =Verifikationer!G10 -> 0 | H10: =Verifikationer!H10 -> 980 | I10: =SUM($G$5:G10) -> 2830 | J10: =SUM($H$5:H10) -> 2830
A11: =Verifikationer!B11 -> 46037 | B11: =Verifikationer!A11 -> V004 | C11: =Verifikationer!C11 -> S001 | D11: =Verifikationer!D11 -> Sponsoravtal vårsäsong | E11: =Verifikationer!E11 -> 1910 | F11: =Verifikationer!F11 -> Bankkonto | G11: =Verifikationer!G11 -> 2500 | H11: =Verifikationer!H11 -> 0 | I11: =SUM($G$5:G11) -> 5330 | J11: =SUM($H$5:H11) -> 2830
A12: =Verifikationer!B12 -> 46037 | B12: =Verifikationer!A12 -> V004 | C12: =Verifikationer!C12 -> S001 | D12: =Verifikationer!D12 -> Sponsoravtal vårsäsong | E12: =Verifikationer!E12 -> 3020 | F12: =Verifikationer!F12 -> Sponsorintäkter | G12: =Verifikationer!G12 -> 0 | H12: =Verifikationer!H12 -> 2500 | I12: =SUM($G$5:G12) -> 5330 | J12: =SUM($H$5:H12) -> 5330
A13: =Verifikationer!B13 -> 46042 | B13: =Verifikationer!A13 -> V005 | C13: =Verifikationer!C13 -> U002 | D13: =Verifikationer!D13 -> Träningsavgifter juniorlag | E13: =Verifikationer!E13 -> 1910 | F13: =Verifikationer!F13 -> Bankkonto | G13: =Verifikationer!G13 -> 1800 | H13: =Verifikationer!H13 -> 0 | I13: =SUM($G$5:G13) -> 7130 | J13: =SUM($H$5:H13) -> 5330
A14: =Verifikationer!B14 -> 46042 | B14: =Verifikationer!A14 -> V005 | C14: =Verifikationer!C14 -> U002 | D14: =Verifikationer!D14 -> Träningsavgifter juniorlag | E14: =Verifikationer!E14 -> 3010 | F14: =Verifikationer!F14 -> Träningsavgifter | G14: =Verifikationer!G14 -> 0 | H14: =Verifikationer!H14 -> 1800 | I14: =SUM($G$5:G14) -> 7130 | J14: =SUM($H$5:H14) -> 7130
A15: =Verifikationer!B15 -> 46046 | B15: =Verifikationer!A15 -> V006 | C15: =Verifikationer!C15 -> D001 | D15: =Verifikationer!D15 -> Domararvoden träningsmatcher | E15: =Verifikationer!E15 -> 4200 | F15: =Verifikationer!F15 -> Domararvoden | G15: =Verifikationer!G15 -> 360 | H15: =Verifikationer!H15 -> 0 | I15: =SUM($G$5:G15) -> 7490 | J15: =SUM($H$5:H15) -> 7130
A16: =Verifikationer!B16 -> 46046 | B16: =Verifikationer!A16 -> V006 | C16: =Verifikationer!C16 -> D001 | D16: =Verifikationer!D16 -> Domararvoden träningsmatcher | E16: =Verifikationer!E16 -> 1910 | F16: =Verifikationer!F16 -> Bankkonto | G16: =Verifikationer!G16 -> 0 | H16: =Verifikationer!H16 -> 360 | I16: =SUM($G$5:G16) -> 7490 | J16: =SUM($H$5:H16) -> 7490
... A28: =Verifikationer!B28 -> 46084 | B28: =Verifikationer!A28 -> V012 | C28: =Verifikationer!C28 -> L002 | D28: =Verifikationer!D28 -> Planhyra februari | E28: =Verifikationer!E28 -> 1910 | F28: =Verifikationer!F28 -> Bankkonto | G28: =Verifikationer!G28 -> 0 | H28: =Verifikationer!H28 -> 650 | I28: =SUM($G$5:G28) -> 13197.5 | J28: =SUM($H$5:H28) -> 13197.5

Sheet Huvudbok
A1: Huvudbok
A2: Samma bokföring grupperad per konto. Saldo visar debet minus kredit.
A4: Konto | B4: Kontonamn | C4: Datum | D4: Ver.nr | E4: Underlag | F4: Beskrivning | G4: Debet (EUR) | H4: Kredit (EUR) | I4: Saldo (EUR)
A5: 1910 | B5: Bankkonto | C5: 46027 | D5: V001 | E5: U001 | F5: Medlemsavgifter, 20 medlemmar | G5: 1200 | H5: 0 | I5: =G5-H5 -> 1200
A6: 1910 | B6: Bankkonto | C6: 46030 | D6: V002 | E6: L001 | F6: Planhyra januari | G6: 0 | H6: 650 | I6: =I5+G6-H6 -> 550
A7: 1910 | B7: Bankkonto | C7: 46034 | D7: V003 | E7: K001 | F7: Matchställ och träningsbollar | G7: 0 | H7: 980 | I7: =I6+G7-H7 -> -430
A8: 1910 | B8: Bankkonto | C8: 46037 | D8: V004 | E8: S001 | F8: Sponsoravtal vårsäsong | G8: 2500 | H8: 0 | I8: =I7+G8-H8 -> 2070
A9: 1910 | B9: Bankkonto | C9: 46042 | D9: V005 | E9: U002 | F9: Träningsavgifter juniorlag | G9: 1800 | H9: 0 | I9: =I8+G9-H9 -> 3870
A10: 1910 | B10: Bankkonto | C10: 46046 | D10: V006 | E10: D001 | F10: Domararvoden träningsmatcher | G10: 0 | H10: 360 | I10: =I9+G10-H10 -> 3510
A11: 1910 | B11: Bankkonto | C11: 46055 | D11: V007 | E11: R001 | F11: Buss till bortamatch | G11: 0 | H11: 720 | I11: =I10+G11-H11 -> 2790
A12: 1910 | B12: Bankkonto | C12: 46063 | D12: V008 | E12: B001 | F12: Kommunalt verksamhetsbidrag | G12: 3000 | H12: 0 | I12: =I11+G12-H12 -> 5790
A13: 1910 | B13: Bankkonto | C13: 46067 | D13: V009 | E13: T001 | F13: Deltagaravgift vinterturnering | G13: 0 | H13: 450 | I13: =I12+G13-H13 -> 5340
A14: 1910 | B14: Bankkonto | C14: 46071 | D14: V010 | E14: F001 | F14: Kioskförsäljning hemmamatch | G14: 875 | H14: 0 | I14: =I13+G14-H14 -> 6215
A15: 1910 | B15: Bankkonto | C15: 46081 | D15: V011 | E15: BK01 | F15: Bankens serviceavgift februari | G15: 0 | H15: 12.5 | I15: =I14+G15-H15 -> 6202.5
A16: 1910 | B16: Bankkonto | C16: 46084 | D16: V012 | E16: L002 | F16: Planhyra februari | G16: 0 | H16: 650 | I16: =I15+G16-H16 -> 5552.5
A17: 3000 | B17: Medlemsavgifter | C17: 46027 | D17: V001 | E17: U001 | F17: Medlemsavgifter, 20 medlemmar | G17: 0 | H17: 1200 | I17: =G17-H17 -> -1200
A18: 3010 | B18: Träningsavgifter | C18: 46042 | D18: V005 | E18: U002 | F18: Träningsavgifter juniorlag | G18: 0 | H18: 1800 | I18: =G18-H18 -> -1800
A19: 3020 | B19: Sponsorintäkter | C19: 46037 | D19: V004 | E19: S001 | F19: Sponsoravtal vårsäsong | G19: 0 | H19: 2500 | I19: =G19-H19 -> -2500
A20: 3030 | B20: Bidrag | C20: 46063 | D20: V008 | E20: B001 | F20: Kommunalt verksamhetsbidrag | G20: 0 | H20: 3000 | I20: =G20-H20 -> -3000
A21: 3040 | B21: Försäljnings- och evenemangsintäkter | C21: 46071 | D21: V010 | E21: F001 | F21: Kioskförsäljning hemmamatch | G21: 0 | H21: 875 | I21: =G21-H21 -> -875
A22: 4000 | B22: Idrottsmaterial och matchställ | C22: 46034 | D22: V003 | E22: K001 | F22: Matchställ och träningsbollar | G22: 980 | H22: 0 | I22: =G22-H22 -> 980
A23: 4100 | B23: Plan- och hallhyror | C23: 46030 | D23: V002 | E23: L001 | F23: Planhyra januari | G23: 650 | H23: 0 | I23: =G23-H23 -> 650
A24: 4100 | B24: Plan- och hallhyror | C24: 46084 | D24: V012 | E24: L002 | F24: Planhyra februari | G24: 650 | H24: 0 | I24: =I23+G24-H24 -> 1300
A25: 4200 | B25: Domararvoden | C25: 46046 | D25: V006 | E25: D001 | F25: Domararvoden träningsmatcher | G25: 360 | H25: 0 | I25: =G25-H25 -> 360
A26: 4300 | B26: Resor och transporter | C26: 46055 | D26: V007 | E26: R001 | F26: Buss till bortamatch | G26: 720 | H26: 0 | I26: =G26-H26 -> 720
A27: 4400 | B27: Turneringsavgifter | C27: 46067 | D27: V009 | E27: T001 | F27: Deltagaravgift vinterturnering | G27: 450 | H27: 0 | I27: =G27-H27 -> 450
A28: 6570 | B28: Bankkostnader | C28: 46081 | D28: V011 | E28: BK01 | F28: Bankens serviceavgift februari | G28: 12.5 | H28: 0 | I28: =G28-H28 -> 12.5

Sheet Resultat
A1: Resultatöversikt
A2: Sammanställning från verifikationerna. Positiva intäkter och kostnader visas separat.
A4: Konto | B4: Kontonamn | C4: Intäkter (EUR) | D4: Kostnader (EUR) | E4: Kommentar
A5: 3000 | B5: Medlemsavgifter | C5: =SUMIFS(Verifikationer!$H:$H,Verifikationer!$E:$E,A5)-SUMIFS(Verifikationer!$G:$G,Verifikationer!$E:$E,A5) -> 1200 | D5: 0 | E5: Intäkt
A6: 3010 | B6: Träningsavgifter | C6: =SUMIFS(Verifikationer!$H:$H,Verifikationer!$E:$E,A6)-SUMIFS(Verifikationer!$G:$G,Verifikationer!$E:$E,A6) -> 1800 | D6: 0 | E6: Intäkt
A7: 3020 | B7: Sponsorintäkter | C7: =SUMIFS(Verifikationer!$H:$H,Verifikationer!$E:$E,A7)-SUMIFS(Verifikationer!$G:$G,Verifikationer!$E:$E,A7) -> 2500 | D7: 0 | E7: Intäkt
A8: 3030 | B8: Bidrag | C8: =SUMIFS(Verifikationer!$H:$H,Verifikationer!$E:$E,A8)-SUMIFS(Verifikationer!$G:$G,Verifikationer!$E:$E,A8) -> 3000 | D8: 0 | E8: Intäkt
A9: 3040 | B9: Försäljnings- och evenemangsintäkter | C9: =SUMIFS(Verifikationer!$H:$H,Verifikationer!$E:$E,A9)-SUMIFS(Verifikationer!$G:$G,Verifikationer!$E:$E,A9) -> 875 | D9: 0 | E9: Intäkt
A10: 4000 | B10: Idrottsmaterial och matchställ | C10: 0 | D10: =SUMIFS(Verifikationer!$G:$G,Verifikationer!$E:$E,A10)-SUMIFS(Verifikationer!$H:$H,Verifikationer!$E:$E,A10) -> 980 | E10: Kostnad
A11: 4100 | B11: Plan- och hallhyror | C11: 0 | D11: =SUMIFS(Verifikationer!$G:$G,Verifikationer!$E:$E,A11)-SUMIFS(Verifikationer!$H:$H,Verifikationer!$E:$E,A11) -> 1300 | E11: Kostnad
A12: 4200 | B12: Domararvoden | C12: 0 | D12: =SUMIFS(Verifikationer!$G:$G,Verifikationer!$E:$E,A12)-SUMIFS(Verifikationer!$H:$H,Verifikationer!$E:$E,A12) -> 360 | E12: Kostnad
A13: 4300 | B13: Resor och transporter | C13: 0 | D13: =SUMIFS(Verifikationer!$G:$G,Verifikationer!$E:$E,A13)-SUMIFS(Verifikationer!$H:$H,Verifikationer!$E:$E,A13) -> 720 | E13: Kostnad
A14: 4400 | B14: Turneringsavgifter | C14: 0 | D14: =SUMIFS(Verifikationer!$G:$G,Verifikationer!$E:$E,A14)-SUMIFS(Verifikationer!$H:$H,Verifikationer!$E:$E,A14) -> 450 | E14: Kostnad
A15: 4900 | B15: Övriga föreningskostnader | C15: 0 | D15: =SUMIFS(Verifikationer!$G:$G,Verifikationer!$E:$E,A15)-SUMIFS(Verifikationer!$H:$H,Verifikationer!$E:$E,A15) -> 0 | E15: Kostnad
A16: 6570 | B16: Bankkostnader | C16: 0 | D16: =SUMIFS(Verifikationer!$G:$G,Verifikationer!$E:$E,A16)-SUMIFS(Verifikationer!$H:$H,Verifikationer!$E:$E,A16) -> 12.5 | E16: Kostnad
B17: Summa | C17: =SUM(C5:C16) -> 9375 | D17: =SUM(D5:D16) -> 3822.5
B19: Periodens överskott | C19: =C17-D17 -> 5552.5

Sheet Balansräkning
A1: BALANSRÄKNING
A2: Fotboll rf | Fiktivt utbildningsexempel per 03.03.2026
A5: AKTIVA
A7: Omsättningstillgångar
A8: Bankkonto | B8: =Kontoutdrag!G16 -> 5552.5 | D8: Formellänk: | E8: =Kontoutdrag!G16 -> 5552.5
A9: Summa omsättningstillgångar | B9: =B8 -> 5552.5
A11: SUMMA AKTIVA | B11: =B9 -> 5552.5
A14: PASSIVA
A16: Eget kapital
A17: Periodens överskott | B17: =Resultat!C19 -> 5552.5 | D17: Formellänk: | E17: =Resultat!C19 -> 5552.5
A18: Summa eget kapital | B18: =B17 -> 5552.5
A20: Främmande kapital
A21: Skulder | B21: =0 -> 0
A22: Summa främmande kapital | B22: =B21 -> 0
A24: SUMMA PASSIVA | B24: =B18+B22 -> 5552.5
A26: BALANSKONTROLL | B26: =B11-B24 -> 0
A29: Not: I detta förenklade exempel har alla affärshändelser betalats direkt via bank. Därför finns inga kundfordringar eller leverantörsskulder. Banktillgodohavandet motsvarar periodens överskott och balanskontrollen ska vara 0,00 EUR.
